 Dungeon Crawl Stone Soup version 0.30-b1-2-g02819fbbbe (webtiles) character file.

Game seed: 2807480954698957877

67552 Maffolandro the Warrior (level 15, -8/132 HPs)
             Began as a Human Wanderer on Dec 23, 2023.
             Was the Champion of Wu Jian.
             Mangled by a vampire knight
             ... wielding a +3 glaive of distortion
              (14 damage)
             ... on level 14 of the Dungeon.
             The game lasted 01:21:28 (19541 turns).

Maffolandro the Warrior (Human Wanderer)           Turns: 19541, Time: 01:21:29

Health: -8/132     AC: 13    Str: 12    XL:     15   Next: 66%
Magic:  16/16      EV: 26    Int: 12    God:    Wu Jian [******]
Gold:   1735       SH:  0    Dex: 25    Spells: 7/16 levels left

rFire   + . .        a - +8 Vampire's Tooth {megavamp}
rCold   + . .        (no shield)
rNeg    . . .        J - +0 acid dragon scales
rPois   +            d - +2 hat
rElec   .            T - +1 cloak {rF+}
rCorr   +            (no gloves)
SInv    .            M - +0 pair of boots
Will    +....        D - amulet "Qefanef" {Acrobat Rampage}
Stlth   +++++        m - ring "Lierghol" {rC+ Dex+4 Slay+5}
HPRegen 0.42/turn    N - ring "Resa" {rPois EV+5 Slay+2}
MPRegen 0.15/turn

%: acrobat, rampage
@: no status effects
A: no striking features
a: Renounce Religion, Wall Jump, Serpent's Lash, Heavenly Storm


You were on level 14 of the Dungeon.
You worshipped Wu Jian.
Wu Jian was exalted by your worship.
You visited 2 branches of the dungeon, and saw 19 of its levels.
You also visited: Gauntlet and Volcano.

You collected 2015 gold pieces.
You spent 280 gold pieces at shops.

Inventory:

Hand Weapons
 a - the +8 Vampire's Tooth (weapon) {megavamp}
   (You found it on level 4 of the Dungeon)
 U - the +2 sling "Niyxautt" {freeze, Fly}
   (You took it off a minotaur in a Gauntlet)

   Fly:       It grants you flight.
Missiles
 f - 3 curare-tipped darts
 i - 5 datura-tipped darts
 s - 19 poisoned darts (quivered)
Armour
 d - a +2 hat (worn)
 n - a +2 tower shield of fire resistance
 p - a +0 cloak
 w - a +2 chain mail of fire resistance
 J - +0 acid dragon scales (worn)
 M - a +0 pair of boots (worn)
 T - a +1 cloak of fire resistance (worn)
Jewellery
 m - the ring "Lierghol" (left hand) {rC+ Dex+4 Slay+5}
   (You found it in a Gauntlet)

   [ring of protection from cold]

   Dex:       It affects your dexterity (+4).
   Slay:      It affects your accuracy & damage with ranged weapons and melee
   (+5).
   rC:        It protects you from cold.
 o - a ring of resist corrosion
 z - a ring of protection from fire
 D - the amulet "Qefanef" (around neck) {Acrobat Rampage}
   (You found it in a Gauntlet)

   [amulet of the acrobat]

   It increases your evasion while moving and waiting.
   Rampage:   It bestows one free step when moving towards enemies.
 N - the ring "Resa" (right hand) {rPois EV+5 Slay+2}
   (You took it off a minotaur in a Gauntlet)

   [ring of evasion]

   EV:        It affects your evasion (+5).
   Slay:      It affects your accuracy & damage with ranged weapons and melee
   (+2).
   rPois:     It protects you from poison.
 S - a ring of see invisible
Wands
 r - a wand of mindburst (29)
 C - a wand of charming (27)
 I - a wand of roots (38)
 P - a wand of polymorph (10)
 Q - a wand of acid (7)
 V - a wand of flame (44)
Scrolls
 c - 4 scrolls of blinking
 h - a scroll of magic mapping {unknown}
 k - 3 scrolls of butterflies {unknown}
 q - a scroll of vulnerability
 t - 4 scrolls of fear {unknown}
 u - 2 scrolls of silence {unknown}
 v - a scroll of fog {unknown}
 y - 6 scrolls of enchant armour {unknown}
 A - a scroll of brand weapon {unknown}
 E - 2 scrolls of noise {unknown}
 G - 10 scrolls of teleportation
 R - a scroll of poison
 W - 3 scrolls of immolation
Potions
 b - 5 potions of flight {unknown}
 e - 14 potions of curing {unknown}
 g - 3 potions of ambrosia
 j - a potion of mutation {unknown}
 l - 4 potions of attraction {unknown}
 x - 4 potions of lignification {unknown}
 B - 2 potions of haste {unknown}
 H - 4 potions of cancellation {unknown}
 K - 3 potions of resistance {unknown}
 L - 4 potions of heal wounds
 O - 2 potions of might
 X - a potion of brilliance {unknown}
 Y - a potion of berserk rage
 Z - 3 potions of magic
Miscellaneous
 F - a phial of floods


   Skills:
 + Level 16.5 Fighting
 + Level 9.2 Short Blades
 - Level 3.0 Throwing
 - Level 8.0 Armour
 - Level 12.0 Dodging
 - Level 12.0 Stealth
 - Level 1.0 Spellcasting
 * Level 6.2 Summonings
 - Level 4.0 Translocations


You had 7 spell levels left.
You knew the following spells:

 Your Spells              Type           Power      Damage    Failure   Level
a - Apportation           Tloc           20%        N/A       9%          1
b - Vhi's Electric Charg  Tloc/Air       10%        N/A       50%         3
c - Call Canine Familiar  Summ           15%        N/A       10%         3
d - Blink                 Tloc           20%        N/A       12%         2

Your spell library contained the following spells:

 Spells                   Type           Power      Damage    Failure   Level
 Summon Small Mammal      Summ           60%        N/A       3%          1
 Lesser Beckoning         Tloc           20%        N/A       12%         2
 Gell's Gravitas          Tloc           10%        N/A       24%         3
 Teleport Other           Tloc           10%        N/A       24%         3
 Momentum Strike          Conj/Tloc      10%        3d8       28%         2
 Summon Guardian Golem    Hex/Summ       8%         N/A       34%         3
 Foxfire                  Conj/Fire      0%         2x1d4     38%         1
 Kiss of Death            Conj/Necr      0%         2d5       38%         1
 Magic Dart               Conj           0%         1d3       38%         1
 Sting                    Tmut/Pois      0%         1d3       38%         1
 Poisonous Vapours        Pois/Air       0%         N/A       54%         2
 Searing Ray              Conj           0%         2d4       54%         2
 Sublimation of Blood     Necr           0%         N/A       54%         2
 Confusing Touch          Hex            0%         N/A       77%         3
 Mephitic Cloud           Conj/Pois/Air  0%         N/A       77%         3
 Spider Form              Tmut/Pois      0%         N/A       77%         3
 Anguish                  Hex/Necr       0%         N/A       99%         4
 Dispel Undead            Necr           0%         3d6       99%         4
 Fulminant Prism          Conj/Hex       0%         3d5       99%         4
 Olgreb's Toxic Radiance  Pois           0%         N/A       99%         4
 Petrify                  Tmut/Erth      0%         N/A       99%         4
 Borgnjor's Vile Clutch   Necr/Erth      0%         N/A       100%        5
 Fireball                 Conj/Fire      0%         3d3       100%        5
 Freezing Cloud           Conj/Ice/Air   0%         6-21      100%        5
 Irradiate                Conj/Tmut      0%         3d11      100%        5
 Dispersal                Tloc           5%         N/A       100%        6
 Iron Shot                Conj/Erth      0%         9d1       100%        6
 Plasma Beam              Fire/Air       0%         2x1d11    100%        6
 Starburst                Conj/Fire      0%         6d3       100%        6


Dungeon Overview and Level Annotations

Branches:
Dungeon (14/15)            Temple (0/1) D:7            Lair (5/5) D:10
  Swamp (0/4) Lair:3        Snake (0/4) Lair:3        Slime (0/5) Lair:4
    Orc (0/2) D:10         Vaults (0/5) D:13        Volcano (visited)
Gauntlet (visited)

Altars:
Dithmenos
Elyvilon
Fedhas
Nemelex Xobeh
Ru
Trog
Wu Jian
Xom
Yredelemnul
Zin
The Shining One
Jiyva

Shops:
D:8 (   D:10 :

Portals:
Trove: D:12 (give 15 scrolls of teleportation)

Annotations:
D:3 2 transporters, Frank's ghost, amateur DsFi
D:7 2 transporters, Farlane's ghost, novice GnFi
D:9 3 runed translucent doors, Erolcha; diceflayer's ghost, novice DsFi
Lair:4 2 transporters, Discosetron's ghost, journeyman DjVM


Message History

The Council accepts your kill.
The cane toad's shape twists and changes as it dies.
The yaktaur captain hits you from afar with a +0 halberd of protection!!
An ettin comes into view. It is wielding two +0 dire flails.
Unknown command.
You rampage towards the yaktaur captain!
You hit the yaktaur captain but do no damage.
You hit the yaktaur captain.
The yaktaur captain is lightly wounded.
You puncture the yaktaur captain!
You feel better.
The yaktaur captain is lightly wounded.
The deep troll earth mage casts a spell next to you.
Some rock shatters into small pieces.
The yaktaur captain closely misses you.
You puncture the yaktaur captain!
You feel better.
You punch the yaktaur captain, but do no damage.
The yaktaur captain is moderately wounded.
The yaktaur captain unwields a +0 halberd of protection.
The yaktaur captain wields a +0 arbalest.
The yaktaur captain shoots a bolt.
The bolt completely misses you.
The deep troll earth mage casts a spell next to the yaktaur captain.
Some rock shatters into small pieces.
You hear some strange, mumbled words.
Something tries to affect you, but you resist.
The deep troll earth mage points next to you and mumbles some strange words.
The wall shatters!
The blast of rock fragments hits you!
You hear a faint skittering sound.
Something hits you!! Space warps around you.
You hear a grinding noise.
Found a pair of boots.
The yaktaur captain shoots a bolt.
The bolt hits you!! Something hits you!!
* * * LOW HITPOINT WARNING * * *
Space warps around you.
* * * LOW HITPOINT WARNING * * *
Some rock shatters into small pieces.
You hear a shout!
There is a stone staircase leading up here.
Something hits you!!
* * * LOW HITPOINT WARNING * * *
Space warps horribly around you!
You die...

... #.. ... # #.# ..
#####.# # #.#
[..#.####o#..#...
#.#.#.c)))...#
####........8C.....
#...@.....T.....#.#
.....##.#.#...##..#...
.#. #..[.....#.#.#.#
.......#####.#..#
####...## .##.# #..##
#. .. ##.# #.#


You could see a yaktaur captain, a deep troll earth mage and an orc.

Vanquished Creatures
  Kirke (D:13)
  A frost giant (D:14)
  A minotaur (Gauntlet)
  A hydra (Lair:5)
  5 centaur warriors
  4 two-headed ogres
  3 death yaks
  A hell knight (Volcano)
  4 sixfirhies (Gauntlet)
  2 skysharks
  Lodul (D:13)
  A bog body (Lair:3)
  2 deep elf pyromancers (D:13)
  A necromancer (D:13)
  4 cyclopes
  2 wolf spiders (Lair:5)
  5 ugly things
  2 manticores
  24 elephants
  Maurice (D:12)
  4 black mambas (Lair:5)
  A guardian serpent (Lair:5)
  3 torpor snails
  16 cane toads
  A cane toad (shapeshifter) (D:14)
  A gargoyle (D:12)
  An unseen horror (D:12)
  5 komodo dragons
  3 yaktaurs (Volcano)
  An efreet (D:13)
  An ice devil (Gauntlet)
  5 rime drakes
  A polar bear (shapeshifter) (D:14)
  3 trolls
  3 hornets
  6 polar bears
  4 nameless horrors
  24 blink frogs
  4 slime creatures (D:12)
  3 small abominations (Gauntlet)
  A vampire (D:11)
  Sigmund (D:5)
  11 wyverns
  5 wraiths
  30 yaks
  Eustachio (D:5)
  2 hogs (D:13)
  6 basilisks
  2 large abominations (Gauntlet)
  2 vampire mosquitoes (D:12)
  2 redbacks (Lair:5)
  Edmund (D:6)
  Menkaure (D:5)
  3 acid dragons
  5 orc warriors
  20 water moccasins
  2 sky beasts (D:6)
  5 ice beasts
  16 wolves
  4 centaurs
  9 ogres
  A phantom (D:5)
  2 kobold brigands (D:8)
  Blork the orc (D:5)
  9 bullfrogs
  8 wights
  4 howler monkeys
  3 electric eels (D:11)
  2 jellies (D:6)
  5 hounds
  6 orc priests
  3 iguanas
  10 orc wizards
  3 sleepcaps
  6 hell rats (Lair:2)
  6 adders
  A shadow imp (D:6)
  5 white imps
  An ufetubus (D:5)
  3 worms (D:2)
  4 dart slugs
  41 orcs
  6 ball pythons
  7 bats
  7 endoplasms
  12 goblins
  8 hobgoblins
  2 jackals (D:2)
  5 frilled lizards (D:1)
  15 kobolds
  9 rats
  A butterfly (Lair:5)
481 creatures vanquished.

Vanquished Creatures (others)
  A bush (Lair:1)
  27 fungi
  36 plants
64 creatures vanquished.

Grand Total: 545 creatures vanquished

Notes
Turn   | Place    | Note
-------+----------+-------------------------------------------
     0 | D:1      | Maffolandro the Human Wanderer began the quest for the Orb.
     0 | D:1      | Maffolandro set off with the following items: a +3 dagger,
                  | 2 curare-tipped darts, a scroll of blinking, a +0 robe; and
                  | the following spell memorised: Apportation; and the
                  | following spells available to memorise: Vhi's Electric
                  | Charge.
     0 | D:1      | Reached XP level 1. HP: 15/15 MP: 2/2
   168 | D:1      | Reached XP level 2. HP: 17/22 MP: 3/3
   195 | D:1      | Reached skill level 2 in Fighting
   493 | D:1      | Reached XP level 3. HP: 24/28 MP: 4/4
   514 | D:1      | Learned a level 3 spell: Vhi's Electric Charge
   736 | D:2      | Reached skill level 3 in Fighting
  1080 | D:2      | Reached XP level 4. HP: 35/35 MP: 5/5
  1468 | D:2      | Reached skill level 4 in Fighting
  1770 | D:3      | Identified the +0 robe "Ymypnot" {Will+}
  1933 | D:3      | Reached XP level 5. HP: 43/43 MP: 6/6
  2075 | D:3      | Found a transporter.
  2078 | D:3      | Noticed Frank's ghost (amateur DsFi)
  2104 | D:3      | Found a transporter.
  2442 | D:4      | Reached skill level 5 in Fighting
  2698 | D:4      | Found the +8 Vampire's Tooth {megavamp}
  2722 | D:4      | Reached XP level 6. HP: 45/51 MP: 7/7
  3062 | D:5      | Entered Level 5 of the Dungeon
  3179 | D:5      | Reached skill level 1 in Short Blades
  3424 | D:5      | Reached skill level 6 in Fighting
  3424 | D:5      | Reached XP level 7. HP: 53/58 MP: 8/8
  3672 | D:5      | Noticed a water moccasin
  3677 | D:5      | Killed a water moccasin
  4025 | D:5      | Found a glowing silver altar of Zin.
  4193 | D:6      | Noticed Blork the orc
  4193 | D:6      | Noticed Menkaure
  4193 | D:6      | Noticed Sigmund
  4209 | D:5      | Killed Blork the orc
  4210 | D:5      | Reached XP level 8. HP: 65/65 MP: 9/9
  4211 | D:6      | Noticed Eustachio
  4218 | D:5      | Killed Menkaure
  4219 | D:5      | Reached skill level 5 in Short Blades
  4426 | D:5      | Killed Sigmund
  4427 | D:5      | Reached skill level 7 in Fighting
  4484 | D:5      | Killed Eustachio
  4824 | D:6      | Reached XP level 9. HP: 70/72 MP: 10/10
  4881 | D:6      | Noticed Edmund
  4902 | D:6      | Killed Edmund
  5054 | D:6      | Reached skill level 8 in Fighting
  5093 | D:6      | Found a bloodstained altar of Trog.
  5095 | D:6      | Found an ornate altar of the Wu Jian Council.
  5107 | D:6      | Found a glowing golden altar of the Shining One.
  5122 | D:6      | Became a worshipper of the Wu Jian Council
  5209 | D:6      | Reached skill level 1 in Armour
  5338 | D:7      | Got Ebomobyw's Encyclopedia of the Bane and Left-Handed
                  | Liturgies
  5364 | D:7      | Found a white marble altar of Elyvilon.
  5784 | D:7      | Found a staircase to the Ecumenical Temple.
  5822 | D:7      | Found a transporter.
  5827 | D:7      | Found a transporter.
  5902 | D:7      | Reached skill level 1 in Stealth
  5920 | D:7      | Noticed Farlane's ghost (novice GnFi)
  6037 | D:7      | Found a basalt altar of Yredelemnul.
  6309 | D:7      | Found a sacrificial altar of Ru.
  6436 | D:8      | Found a shadowy altar of Dithmenos.
  6493 | D:8      | Reached XP level 10. HP: 82/82 MP: 11/11
  6648 | D:8      | Reached * piety under Wu Jian
  6696 | D:8      | Reached skill level 9 in Fighting
  6842 | D:8      | Found Tuss's Antique Weapon Shoppe.
  7477 | D:9      | Noticed diceflayer's ghost (novice DsFi)
  7481 | D:9      | Found a runed translucent gate.
  7481 | D:9      | Found a runed translucent gate.
  7492 | D:9      | Found a runed translucent gate.
  7695 | D:9      | Reached skill level 5 in Dodging
  7701 | D:9      | Noticed Erolcha
  7721 | D:9      | Found a blossoming altar of Fedhas.
  8338 | D:10     | Entered Level 10 of the Dungeon
  8453 | D:10     | Reached ** piety under Wu Jian
  8454 | D:10     | Reached skill level 5 in Stealth
  8567 | D:10     | Found a shimmering altar of Xom.
  8596 | D:10     | Found a staircase to the Orcish Mines.
  8652 | D:10     | Noticed a two-headed ogre
  8676 | D:10     | Killed a two-headed ogre
  8677 | D:10     | Reached skill level 10 in Fighting
  8677 | D:10     | Reached XP level 11. HP: 87/90 MP: 12/12
  8719 | D:10     | Found a sparkling altar of Nemelex Xobeh.
  8799 | D:10     | Found Cypof's Book Boutique.
  8814 | D:10     | Bought a book of Callings for 280 gold pieces
  8818 | D:10     | Learned a level 3 spell: Call Canine Familiar
  8850 | D:10     | Found a staircase to the Lair.
  9183 | D:11     | Noticed a cyclops
  9215 | D:11     | Killed a cyclops
  9418 | D:11     | Noticed a two-headed ogre
  9466 | D:11     | Killed a two-headed ogre
  9540 | D:11     | Noticed a manticore
  9568 | D:11     | Killed a manticore
  9987 | D:11     | Reached skill level 11 in Fighting
 10411 | D:12     | Reached *** piety under Wu Jian
 10510 | D:12     | Noticed Maurice
 10511 | D:12     | Killed Maurice
 10525 | D:12     | Reached XP level 12. HP: 100/100 MP: 13/13
 10660 | D:12     | Found a portal to a secret trove of treasure.
 11133 | D:12     | Reached skill level 12 in Fighting
 11233 | Lair:1   | Entered Level 1 of the Lair of Beasts
 11500 | Lair:1   | Noticed a death yak
 11541 | Lair:1   | Killed a death yak
 11585 | Lair:1   | Reached skill level 10 in Stealth
 11721 | Lair:1   | Reached **** piety under Wu Jian
 12194 | Lair:2   | Reached XP level 13. HP: 108/108 MP: 14/14
 12313 | Lair:2   | Learned a level 2 spell: Blink
 12930 | Lair:3   | Reached skill level 10 in Dodging
 12952 | Lair:3   | Found a staircase to the Swamp.
 12967 | Lair:3   | Reached skill level 13 in Fighting
 13003 | Lair:3   | Found a staircase to the Snake Pit.
 13172 | Lair:3   | Found a gate leading to a gauntlet.
 13183 | Gauntlet | Entered a Gauntlet
 13183 | Gauntlet | Found a transporter.
 13192 | Gauntlet | Found a transporter.
 13207 | Gauntlet | Found a transporter.
 13212 | Gauntlet | Found a transporter.
 13227 | Gauntlet | Found a transporter.
 13246 | Gauntlet | Found a transporter.
 13258 | Gauntlet | Found a transporter.
 13270 | Gauntlet | Found a transporter.
 13282 | Gauntlet | Found a transporter.
 13293 | Gauntlet | Noticed a ghost crab
 13294 | Gauntlet | Found a transporter.
 13316 | Gauntlet | Found a transporter.
 13316 | Gauntlet | Found a transporter.
 13346 | Gauntlet | Found a transporter.
 13348 | Gauntlet | Found a transporter.
 13370 | Gauntlet | Found a transporter.
 13396 | Gauntlet | Found a transporter.
 13510 | Gauntlet | Found a transporter.
 13517 | Gauntlet | Found a transporter.
 13956 | Gauntlet | Identified the ring "Lierghol" {rC+ Dex+4 Slay+5}
 14267 | Gauntlet | Identified the ring of Mywuuhiq {AC+4 Str+2}
 14529 | Gauntlet | Identified the +2 sling "Niyxautt" {freeze, Fly}
 14529 | Gauntlet | Identified the ring "Resa" {rPois EV+5 Slay+2}
 14529 | Gauntlet | Noticed a minotaur
 14544 | Gauntlet | Killed a minotaur
 14556 | Gauntlet | Identified the amulet "Qefanef" {Acrobat Rampage}
 14762 | Lair:3   | Reached ***** piety under Wu Jian
 15257 | Lair:4   | Reached skill level 14 in Fighting
 15352 | Lair:4   | Reached XP level 14. HP: 120/120 MP: 15/15
 15442 | Lair:4   | Got Sif Muna's Handbook of the Poisonous Missiles
 15531 | Lair:4   | Found a dark tunnel.
 15544 | Volcano  | Entered a volcano
 15912 | Lair:4   | Found a transporter.
 15924 | Lair:4   | Reached skill level 15 in Fighting
 15926 | Lair:4   | Found a viscous altar of Jiyva.
 15927 | Lair:4   | Found a staircase to the Slime Pits.
 15954 | Lair:4   | Reached skill level 5 in Armour
 16042 | Lair:4   | Found a transporter.
 16408 | Lair:4   | Identified the +1 robe of the Prince of Darkness {rPois}
 16567 | Lair:4   | Noticed Discosetron's ghost (journeyman DjVM)
 16587 | Lair:5   | Entered Level 5 of the Lair of Beasts
 17548 | Lair:5   | Reached XP level 15. HP: 130/130 MP: 16/16
 17572 | Lair:5   | Reached skill level 16 in Fighting
 17649 | Lair:5   | Reached ****** piety under Wu Jian
 17650 | Lair:5   | Reached skill level 1 in Summonings
 18517 | D:13     | Noticed Kirke
 18822 | D:13     | Found a gate to the Vaults.
 18925 | D:13     | Identified the +7 morningstar of Unreason {speed, rC+
                  | Will++ Str+2 Stlth-}
 18991 | D:13     | Noticed Lodul
 19099 | D:13     | Killed Lodul
 19129 | D:13     | Killed Kirke
 19137 | D:13     | Reached skill level 5 in Summonings
 19465 | D:14     | Noticed a frost giant
 19502 | D:14     | Killed a frost giant
 19515 | D:14     | Identified the amulet of Springtime {Spirit rElec Int+3
                  | Dex-2}
 19541 | D:14     | HP: 6/132 [something (22)]
 19541 | D:14     | Mangled by a vampire knight

Illustrated notes

Levels and vault maps discovered:
D:1:      lightli_arrival_flooded_house, layout_rooms
D:2:      layout_basic
D:3:      layout_basic, gammafunk_ghost_stat_death
D:4:      layout_loops_ring
D:5:      layout_basic, lemuel_doored_altar
D:6:      layout_basic, grunt_temple_overflow_open, uniq_edmund, uniq_menkaure,
          uniq_sigmund, uniq_blork_the_orc, uniq_eustachio
D:7:      layout_basic, kennysheep_ying_yang, mainiacjoe_overflow_alcove_2,
          minmay_temple_entry_stoned_glass, gammafunk_ghost_smash
D:8:      layout_basic, mainiacjoe_overflow_alcove_4, serial_shops,
          nicolae_shop_hallway_stairs, lemuel_flame_loot_1
D:9:      layout_roguey, fedhas_altar_fruit_tree, gammafunk_ghost_split,
          uniq_erolcha
D:10:     nicolae_cairo_tiling_large_dashed, layout_long_grid,
          nemelex_diamond_rough_becter, mainiacjoe_overflow_chevrons,
          serial_shops, shop_fountains
D:11:     layout_basic
D:12:     layout_roguey, trove_entry_hex_spiral, uniq_maurice
D:13:     layout_gridville, david_vaults_1, uniq_lodul, uniq_kirke
D:14:     minmay_complete_graph, layout_loops_corners, hellmonk_jugg_or_not
Lair:1:   layout_misc_corridors, st_stairs_10
Lair:2:   layout_roguey, beast_lair_carwin_3
Lair:3:   layout_regular_city, skrybe_swamp_entry_bodies, dummy_snake_entry,
          gauntlet_entry_generic, minivault_26, infiniplex_staircase_pool_2,
          lemuel_fruit_tree
Lair:4:   beast_lair_carwin_large_4, layout_regular_city, slime_entry_1,
          enter_volcano_1, nzn_ghost_randoct
Lair:5:   hangedman_lair_tendril_chambers, layout_layer_cave,
          patterned_corridor, lemuel_fruit_fields, lemuel_fruit_fields

Skill      XL: |  1  2  3  4  5  6  7  8  9 10 11 12 13 14 15 |
---------------+----------------------------------------------+-----
Fighting       | 2 3 4 5 6 7 8 10 11 12 14 15 16 | 16.5
Short Blades   | 2 4 7 8 9 |  9.2
Armour         | 3 4 8 |  8.0
Dodging        | 3 6 8 9 11 12 | 12.0
Stealth        | 1 5 8 10 12 | 12.0
Summonings     | 6 |  6.2
Throwing       | |  3.0
Spellcasting   | |  1.0
Translocations | |  4.0

Action                     |  1- 3 |  4- 6 |  7- 9 | 10-12 | 13-15 || total
---------------------------+-------+-------+-------+-------+-------++-------
  Melee: Dagger            |   116 |   192 |       |       |       ||   308
         Punch             |     1 |     4 |     4 |    18 |    27 ||    54
         Quick blade       |       |    43 |   330 |  1006 |  1439 ||  2818
  Throw: Dart              |     1 |       |     3 |     4 |       ||     8
   Cast: Apportation       |       |       |       |     7 |       ||     7
         Call Canine Famil |       |       |       |       |     2 ||     2
         Blink             |       |       |       |       |     1 ||     1
 Invoke: Serpent's Lash    |       |       |       |     1 |     4 ||     5
Ability: Lunge             |       |       |     8 |    56 |    11 ||    75
         Whirlwind         |       |       |       |    28 |   121 ||   149
         Wall Jump         |       |       |       |    11 |    14 ||    25
  Evoke: Wand              |       |       |       |     8 |     1 ||     9
    Use: Scroll            |       |       |       |     9 |     2 ||    11
         Potion            |       |       |       |       |     1 ||     1
   Stab: Sleeping          |       |       |       |    20 |    28 ||    48
         Distracted        |       |       |       |     1 |     3 ||     4
         Invisible         |       |       |       |       |     4 ||     4
 Armour: Robe              |    13 |     6 |       |       |       ||    19
         Chain mail        |       |    86 |    42 |       |       ||   128
         Ring mail         |       |    14 |       |       |       ||    14
         Acid dragon scale |       |       |     2 |    42 |   123 ||   167
  Dodge: Dodged            |    56 |    71 |    31 |   248 |   487 ||   893
  Block: Other             |       |    47 |    24 |    53 |    17 ||   141
         Reflection        |       |     1 |     2 |     1 |     1 ||     5
